 Dungeon Crawl Stone Soup version 0.31-a0-1626-g5cb510d322 (webtiles) character file.

Game seed: 9779517054124473663

514 MisterAzrael the Covered (level 7, -5/63 HPs)
             Began as a Minotaur Fighter on Jan 11, 2024.
             Slain by an ogre
             ... wielding a +0 giant club
              (11 damage)
             ... on level 5 of the Dungeon on Jan 13, 2024.
             The game lasted 00:05:17 (3083 turns).

MisterAzrael the Covered (Minotaur Fighter)         Turns: 3083, Time: 00:05:17

Health: -5/63      AC: 12    Str: 21    XL:     7   Next: 0%
Magic:  6/6        EV:  9    Int:  7    God:
Gold:   179        SH:  0    Dex:  9    Spells: 6/6 levels left

rFire   . . .        f - +3 executioner's axe (venom)
rCold   + . .        (shield currently unavailable)
rNeg    . . .        b - +1 scale mail
rPois   .            (helmet restricted)
rElec   .            (no cloak)
rCorr   .            (no gloves)
SInv    .            q - +3 pair of mountain boots {steadfast, rC+}
Will    .....        (no amulet) Stlth
                     (no ring)
HPRegen 0.30/turn    (no ring)
MPRegen 0.10/turn

%: no passive effects
@: no status effects
A: horns 2, retaliatory headbutt
a: no special abilities


You were on level 5 of the Dungeon.
You visited 1 branch of the dungeon, and saw 5 of its levels.

You collected 179 gold pieces.

Inventory:

Hand Weapons
 a - a +0 war axe
 f - a +3 executioner's axe of venom (weapon)
 w - a +0 battleaxe
Missiles
 y - a throwing net (quivered)
Armour
 b - a +1 scale mail (worn)
 c - a +0 buckler
 o - the +0 pair of boots of the Wumpus {rElec Int+8 Dex+3 Stlth-}
   (You found it on level 2 of the Dungeon)

   Int+8:     It affects your intelligence (+8).
   Dex+3:     It affects your dexterity (+3).
   rElec:     It insulates you from electricity.
   Stlth-:    It makes you less stealthy.
 q - the +3 pair of mountain boots (worn) {steadfast, rC+}
   (You acquired it on level 4 of the Dungeon)

   Steadfast: It prevents involuntary movement, except for blinking,
   teleportation, or banishment.
   rC+:       It protects you from cold.
Jewellery
 i - an amulet of regeneration
Wands
 t - a wand of digging (6)
Scrolls
 e - a scroll of immolation
 g - 2 scrolls of teleportation
 h - 3 scrolls of vulnerability
 l - a scroll of enchant armour
 n - a scroll of fear
 u - a scroll of noise
 v - a scroll of identify
 x - 2 scrolls of blinking {unknown}
Potions
 d - a potion of might
 j - 3 potions of enlightenment
 k - a potion of mutation {unknown}
 m - 2 potions of lignification
 p - 2 potions of magic
 r - 2 potions of brilliance
 s - a potion of curing {unknown}
 z - a potion of haste {unknown}


   Skills:
 + Level 6.1 Fighting
 + Level 5.4 Axes
 + Level 6.1 Armour
 - Level 4.3 Shields


You had 6 spell levels left.
You didn't know any spells.
Your spell library was empty.

Dungeon Overview and Level Annotations

Branches:
Dungeon (5/15)
 Temple: D:4-7

Altars:
Elyvilon

Shops:
D:2 ?


Innate Abilities, Weirdness & Mutations

You have a pair of horns on your head.
You reflexively headbutt those who attack you in melee.


Message History

No target in view!
No target in view!
No target in view!
z - a ruby potion You see here a +0 mace.
You open the door.
There is an open door here.
Found a falchion.
You open the door.
There is an open door here.
You open the door.
There is an open door here.
You open the door.
There is an open door here.
You see here a black bear corpse.
Done exploring.
Done exploring.
What level of the Dungeon? (default 4, ? - help)
There is a stone staircase leading down here.
You climb downwards.
You hear the sound of rushing water.
There is an entrance to a sewer on this level.
Hurry and find it before the portal rusts away!
The ogre shouts!
Found 11 gold pieces and 3 stones.
Found a stone staircase leading up and a stone staircase leading down.
There is a stone staircase leading up here.
An ogre is nearby!
You barely miss the ogre. The ogre hits you with a +0 giant club!
You barely miss the ogre.
The ogre hits you with a +0 giant club!!
You are too injured to fight recklessly!
You are too injured to fight recklessly!
You hit the ogre but do no damage.
The ogre is poisoned.
You headbutt the ogre.
The ogre is lightly wounded.
The ogre hits you with a +0 giant club!!
* * * LOW HITPOINT WARNING * * *
You barely miss the ogre.
The ogre is lightly wounded.
The ogre hits you with a +0 giant club!
You die...

. ######### ..
#.......#
...#....>..#
...........####
#......O......#
.......@...#
..........##
........<..#
..##..$.........
..............#.
..........#...#
....<.....#...#
######....# #.#
##...# .(.


You could see an ogre (very poisoned).

Vanquished Creatures
  A black bear (D:4)
  An ogre (D:4)
  A scorpion (D:4)
  A hound (D:4)
  An orc priest (D:4)
  An iguana (D:4)
  An orc wizard (D:4)
  3 gnolls (D:4)
  7 adders
  A dart slug (D:1)
  5 orcs
  10 ball pythons
  7 endoplasms
  4 giant cockroaches
  3 goblins
  8 hobgoblins
  8 kobolds
  4 quokkas
  7 bats
  4 frilled lizards
  3 rats
81 creatures vanquished.

Notes
Turn   | Place    | Note
-------+----------+-------------------------------------------
     0 | D:1      | MisterAzrael the Minotaur Fighter began the quest for the
                  | Orb.
     0 | D:1      | Reached XP level 1. HP: 19/19 MP: 0/0
   132 | D:1      | Reached XP level 2. HP: 27/27 MP: 1/1
   629 | D:2      | Found Teocla's Magic Scroll Emporium.
   874 | D:2      | Reached XP level 3. HP: 33/33 MP: 2/2
   937 | D:2      | Identified the +0 pair of boots of the Wumpus {rElec Int+8
                  | Dex+3 Stlth-}
  1311 | D:3      | Upgraded the game from 0.31-a0-1616-gbeaec30b81 to
                  | 0.31-a0-1626-g5cb510d322
  1329 | D:3      | Reached XP level 4. HP: 21/40 MP: 3/3
  2403 | D:4      | Reached XP level 5. HP: 47/47 MP: 4/4
  2420 | D:4      | Reached skill level 5 in Armour
  2424 | D:4      | Reached skill level 5 in Fighting
  2625 | D:4      | Identified 2 scrolls of acquirement
  2625 | D:4      | Acquired a +3 executioner's axe of venom
  2654 | D:4      | Acquired the +3 pair of mountain boots {steadfast, rC+}
  2654 | D:4      | Found the +3 pair of mountain boots {steadfast, rC+}
  2796 | D:4      | Found a white marble altar of Elyvilon.
  2815 | D:4      | Reached XP level 6. HP: 56/56 MP: 5/5
  2844 | D:4      | Reached skill level 5 in Axes
  2894 | D:4      | Reached XP level 7. HP: 56/63 MP: 6/6
  3077 | D:5      | Entered Level 5 of the Dungeon
  3083 | D:5      | Slain by an ogre

Illustrated notes

Levels and vault maps discovered:
D:1:      lightli_arrival_maybe_door_vault, layout_loops_ring
D:2:      layout_loops_ring, serial_shops, nicolae_square_shop
D:3:      layout_rooms
D:4:      layout_gridville, elyvilon_altar_3, due_unseen_surprise
D:5:      layout_cave_pools, nicolae_overflow_hidden_temple,
          gup_sewer_entry_pipe, uniq_sigmund

Skill      XL: |  1  2  3  4  5  6 |
---------------+-------------------+-----
Shields        | 4 |  4.3
Fighting       | 4 5 6 |  6.1
Armour         | 4 5 6 |  6.1
Axes           | 3 4 5 |  5.4

Action                     |  1- 3 |  4- 6 |  7- 9 || total
---------------------------+-------+-------+-------++-------
  Melee: War axe           |    89 |    16 |       ||   105
         Headbutt          |    11 |    15 |     1 ||    27
         Battleaxe         |       |    43 |       ||    43
         Executioner's axe |       |    25 |     4 ||    29
    Use: Scroll            |     2 |    13 |       ||    15
 Armour: Scale mail        |    82 |    78 |     4 ||   164
  Dodge: Dodged            |    58 |    59 |       ||   117
  Block: Buckler           |    23 |     7 |       ||    30

Table legend: (Time is in decaauts)
 A = Elapsed time spent in this place.
 B = Non-inter-level travel time spent in this place.
 C = Inter-level travel time spent in this place.
 D = Time resting spent in this place.
 E = Time spent auto-exploring this place.
 F = Levels seen in this place.
 G = Mean time per level.
                   A        B        C        D        E       F      G
               +--------+--------+--------+--------+--------+-----+--------+
         Total |   3163 |   3085 |     78 |    608 |   1911 |   5 |  632.6 |
       Dungeon |   3163 |   3085 |     78 |    608 |   1911 |   5 |  632.6 |
               +--------+--------+--------+--------+--------+-----+--------+

Top non-repeatable levels by time:
     D:3: 945 daAuts
     D:4: 871 daAuts
     D:2: 720 daAuts
     D:1: 618 daAuts
     D:5: 7 daAuts
